| TOP OF THE 1ST |
|
Miami Marlins batting - Pitching for Washington Nationals : LHP Kerry Baty
|
|
Pitching: LHP Kerry Baty
|
|
|
Batting: RHB Matt Thompson
|
0-0: Ball 1-0: Ground out U3 (Groundball, 3, EV 83.8 MPH)
|
|
Batting: RHB Alberto Cotto
|
0-0: Called Strike 0-1: Swinging Strike 0-2: Foul Ball, location: 2F 0-2: Ground out 6-3 (Groundball, 6, EV 84.4 MPH)
|
|
Batting: RHB Jimmy Groseclose
|
0-0: Called Strike 0-1: Ball 1-1: Called Strike 1-2: Foul Ball, location: 2F 1-2: Strikes out swinging
|
| Top of the 1st over - 0 runs, 0 hits, 0 errors, 0 left on base; Miami 0 - Washington 0 |
| BOTTOM OF THE 1ST |
|
Washington Nationals batting - Pitching for Miami Marlins : RHP Sean Geer
|
|
Pitching: RHP Sean Geer
|
|
|
Batting: RHB Tommy Baird
|
0-0: Foul Ball, location: 2F 0-1: Ball 1-1: Ground out 4-3 (Groundball, 4, EV 104.4 MPH)
|
|
Batting: RHB Dave Vargas
|
0-0: Called Strike 0-1: Foul Ball, location: 2F 0-2: Ball 1-2: Foul Ball, location: 2F 1-2: SINGLE (Flyball, 8RS, EV 91.2 MPH)
|
|
Batting: LHB Seth Cook
|
0-0: Ball Dave Vargas steals 2nd base 1-0: Ball 2-0: Swinging Strike 2-1: Ball 3-1: SINGLE (Groundball, 25, EV 70.0 MPH) (infield hit) Dave Vargas to third
|
|
Batting: LHB Kyung-jin Cho
|
0-0: Fly out, F9 (Flyball, 89M, EV 80.6 MPH) Runner from 3rd tags up, OUT at HOME! 9-2
|
| Bottom of the 1st over - 0 runs, 2 hits, 0 errors, 1 left on base; Miami 0 - Washington 0 |
| TOP OF THE 2ND |
|
Miami Marlins batting - Pitching for Washington Nationals : LHP Kerry Baty
|
|
Batting: LHB Adam Durgin
|
0-0: Called Strike 0-1: Ball 1-1: Foul Ball, location: 2F 1-2: Ball 2-2: Ball 3-2: Strikes out looking
|
|
Batting: RHB Mike Gar
|
0-0: Swinging Strike 0-1: Ball 1-1: Swinging Strike 1-2: Foul Ball, location: 2F 1-2: Strikes out swinging
|
|
Batting: RHB Steve Barnard
|
0-0: Ball 1-0: Ball 2-0: Ball 3-0: Called Strike 3-1: DOUBLE (Flyball, 78XD, EV 110.0 MPH)
|
|
Batting: LHB Jose Bregaro
|
0-0: Foul Ball, location: 2F 0-1: Ground out 6-3 (Groundball, 6, EV 80.0 MPH)
|
| Top of the 2nd over - 0 runs, 1 hit, 0 errors, 1 left on base; Miami 0 - Washington 0 |
| BOTTOM OF THE 2ND |
|
Washington Nationals batting - Pitching for Miami Marlins : RHP Sean Geer
|
|
Batting: LHB Emmanuel Gaskin
|
0-0: Ball 1-0: Ground out 6-3 (Groundball, P, EV 93.8 MPH)
|
|
Batting: RHB Kirk Arp
|
0-0: Ball 1-0: Ball 2-0: Fly out, F8 (Flyball, 8LXD, EV 76.9 MPH)
|
|
Batting: LHB Bob Melley
|
0-0: Ball 1-0: Foul Ball, location: 2F 1-1: Foul Ball, location: 2F 1-2: Foul Ball, location: 2F 1-2: Fly out, F8 (Flyball, 78D, EV 98.8 MPH)
|
| Bottom of the 2nd over - 0 runs, 0 hits, 0 errors, 0 left on base; Miami 0 - Washington 0 |
| TOP OF THE 3RD |
|
Miami Marlins batting - Pitching for Washington Nationals : LHP Kerry Baty
|
|
Batting: RHB Willie Chavez
|
0-0: SINGLE (Groundball, 6D, EV 103.1 MPH)
|
|
Batting: SHB Jordan Barragan
|
0-0: Called Strike 0-1: Ball 1-1: Ball 2-1: Ball 3-1: Swinging Strike 3-2: Foul Ball, location: 2F 3-2: Strikes out swinging
|
|
Batting: RHB Matt Thompson
|
0-0: Swinging Strike 0-1: Ball Wild Pitch! Willie Chavez to second 1-1: Fly out, F9 (Flyball, 9LS, EV 85.6 MPH)
|
|
Batting: RHB Alberto Cotto
|
0-0: Ball 1-0: Ball 2-0: Ball 3-0: Called Strike 3-1: Called Strike 3-2: Ground out 4-3 (Groundball, 34, EV 86.2 MPH)
|
| Top of the 3rd over - 0 runs, 1 hit, 0 errors, 1 left on base; Miami 0 - Washington 0 |
| BOTTOM OF THE 3RD |
|
Washington Nationals batting - Pitching for Miami Marlins : RHP Sean Geer
|
|
Batting: SHB Dylan Novakowski
|
0-0: Ball 1-0: Called Strike 1-1: Ball 2-1: Ground out 6-3 (Groundball, 56, EV 87.5 MPH)
|
|
Batting: RHB Eric Wiss
|
0-0: Foul Ball, location: 2F 0-1: Swinging Strike 0-2: Strikes out swinging
|
|
Batting: RHB Tommy Baird
|
0-0: Ball 1-0: Called Strike 1-1: Ball 2-1: Foul Ball, location: 2F 2-2: Foul Ball, location: 2F 2-2: Ball 3-2: Fly out, F6 (Line Drive, 6, EV 60.6 MPH)
|
| Bottom of the 3rd over - 0 runs, 0 hits, 0 errors, 0 left on base; Miami 0 - Washington 0 |
| TOP OF THE 4TH |
|
Miami Marlins batting - Pitching for Washington Nationals : LHP Kerry Baty
|
|
Batting: RHB Jimmy Groseclose
|
0-0: Called Strike 0-1: Swinging Strike 0-2: Fly out, F8 (Flyball, 8LM, EV 94.4 MPH)
|
|
Batting: LHB Adam Durgin
|
0-0: Ball 1-0: Ball 2-0: Foul Ball, location: 2F 2-1: Foul Ball, location: 2F 2-2: Foul Ball, location: 2F 2-2: Ball 3-2: Base on Balls
|
|
Batting: RHB Mike Gar
|
0-0: Ball 1-0: Ball 2-0: Called Strike 2-1: Foul Ball, location: 2F 2-2: Fly out, F7 (Flyball, 78D, EV 86.9 MPH)
|
|
Batting: RHB Steve Barnard
|
0-0: Called Strike 0-1: Swinging Strike 0-2: Ball 1-2: Strikes out swinging
|
| Top of the 4th over - 0 runs, 0 hits, 0 errors, 1 left on base; Miami 0 - Washington 0 |
| BOTTOM OF THE 4TH |
|
Washington Nationals batting - Pitching for Miami Marlins : RHP Sean Geer
|
|
Batting: RHB Dave Vargas
|
0-0: Ball 1-0: Swinging Strike 1-1: Foul Ball, location: 2F 1-2: Strikes out swinging
|
|
Batting: LHB Seth Cook
|
0-0: Ball 1-0: Ball 2-0: Called Strike 2-1: Ball 3-1: Swinging Strike 3-2: Foul Ball, location: 2F 3-2: Strikes out swinging
|
|
Batting: LHB Kyung-jin Cho
|
0-0: Called Strike 0-1: Called Strike 0-2: Ball 1-2: Foul Ball, location: 2F 1-2: Foul Ball, location: 2F 1-2: Fly out, F7 (Line Drive, 7S, EV 87.5 MPH)
|
| Bottom of the 4th over - 0 runs, 0 hits, 0 errors, 0 left on base; Miami 0 - Washington 0 |
| TOP OF THE 5TH |
|
Miami Marlins batting - Pitching for Washington Nationals : LHP Kerry Baty
|
|
Batting: LHB Jose Bregaro
|
0-0: Ball 1-0: SINGLE (Flyball, 4MD, EV 93.8 MPH)
|
|
Batting: RHB Willie Chavez
|
0-0: Called Strike 0-1: Swinging Strike 0-2: Strikes out swinging
|
|
Batting: SHB Jordan Barragan
|
0-0: Foul Ball, location: 2F 0-1: Ball 1-1: Foul Ball, location: 2F 1-2: Ball 2-2: Ball 3-2: Base on Balls Jose Bregaro to second
|
|
Batting: RHB Matt Thompson
|
0-0: Called Strike 0-1: Ball 1-1: Foul Ball, location: 2F 1-2: Ground out 5-3 (Groundball, 5, EV 108.1 MPH) Jose Bregaro to third Jordan Barragan to second
|
|
Batting: RHB Alberto Cotto
|
0-0: Ball 1-0: Ball 2-0: Called Strike 2-1: Ball 3-1: Swinging Strike 3-2: Base on Balls
|
|
Batting: RHB Jimmy Groseclose
|
0-0: Called Strike 0-1: Fly out, F3 (Popup, 3SF, EV 69.4 MPH)
|
| Top of the 5th over - 0 runs, 1 hit, 0 errors, 3 left on base; Miami 0 - Washington 0 |
| BOTTOM OF THE 5TH |
|
Washington Nationals batting - Pitching for Miami Marlins : RHP Sean Geer
|
|
Batting: LHB Emmanuel Gaskin
|
0-0: Called Strike 0-1: Ball 1-1: Fly out, F5 (Popup, 5F, EV 61.9 MPH)
|
|
Batting: RHB Kirk Arp
|
0-0: Called Strike 0-1: Foul Ball, location: 2F 0-2: Ball 1-2: Strikes out looking
|
|
Batting: LHB Bob Melley
|
0-0: Ball 1-0: Ball 2-0: Fly out, F7 (Flyball, 78M, EV 80.0 MPH)
|
| Bottom of the 5th over - 0 runs, 0 hits, 0 errors, 0 left on base; Miami 0 - Washington 0 |
| TOP OF THE 6TH |
|
Miami Marlins batting - Pitching for Washington Nationals : LHP Kerry Baty
|
|
Batting: LHB Adam Durgin
|
0-0: Ground out 6-3 (Groundball, 6, EV 88.1 MPH)
|
|
Batting: RHB Mike Gar
|
0-0: Fly out, F8 (Flyball, 8LXD, EV 80.6 MPH)
|
|
Batting: RHB Steve Barnard
|
0-0: Ball 1-0: Swinging Strike 1-1: Called Strike 1-2: Strikes out looking
|
| Top of the 6th over - 0 runs, 0 hits, 0 errors, 0 left on base; Miami 0 - Washington 0 |
| BOTTOM OF THE 6TH |
|
Washington Nationals batting - Pitching for Miami Marlins : RHP Sean Geer
|
|
Batting: SHB Dylan Novakowski
|
0-0: Swinging Strike 0-1: Foul Ball, location: 2F 0-2: Foul Ball, location: 2F 0-2: Strikes out swinging
|
|
Batting: RHB Eric Wiss
|
0-0: Ball 1-0: Swinging Strike 1-1: Called Strike 1-2: Ground out 5-3 (Groundball, 5, EV 96.2 MPH)
|
|
Batting: RHB Tommy Baird
|
0-0: Foul Ball, location: 2F 0-1: Ground out 1-3 (Groundball, 25, EV 65.0 MPH)
|
| Bottom of the 6th over - 0 runs, 0 hits, 0 errors, 0 left on base; Miami 0 - Washington 0 |
| TOP OF THE 7TH |
|
Miami Marlins batting - Pitching for Washington Nationals : LHP Kerry Baty
|
|
Batting: LHB Jose Bregaro
|
0-0: Foul Ball, location: 2F 0-1: Called Strike 0-2: Ground out 2-3 (Groundball, 2L, EV 71.2 MPH)
|
|
Batting: RHB Willie Chavez
|
0-0: Ball 1-0: Fly out, F5 (Popup, 15S, EV 88.1 MPH)
|
|
Batting: SHB Jordan Barragan
|
0-0: Foul Ball, location: 2F 0-1: Ball 1-1: SINGLE (Flyball, 8RS, EV 84.4 MPH)
|
|
Batting: RHB Matt Thompson
|
0-0: Called Strike 0-1: Ball 1-1: Foul Ball, location: 2F 1-2: Strikes out swinging
|
| Top of the 7th over - 0 runs, 1 hit, 0 errors, 1 left on base; Miami 0 - Washington 0 |
| BOTTOM OF THE 7TH |
|
Washington Nationals batting - Pitching for Miami Marlins : RHP Sean Geer
|
|
Batting: RHB Dave Vargas
|
0-0: Called Strike 0-1: Swinging Strike 0-2: Strikes out swinging
|
|
Batting: LHB Seth Cook
|
0-0: Ball 1-0: Ball 2-0: Called Strike 2-1: Ground out 6-3 (Groundball, 6, EV 102.5 MPH)
|
|
Batting: LHB Kyung-jin Cho
|
0-0: Ball 1-0: Ball 2-0: Called Strike 2-1: Ball 3-1: Base on Balls
|
|
Batting: LHB Emmanuel Gaskin
|
0-0: Called Strike 0-1: Ball 1-1: Ball 2-1: Foul Ball, location: 2F 2-2: Foul Ball, location: 2F 2-2: Strikes out swinging
|
| Bottom of the 7th over - 0 runs, 0 hits, 0 errors, 1 left on base; Miami 0 - Washington 0 |
| TOP OF THE 8TH |
|
Miami Marlins batting - Pitching for Washington Nationals : LHP Kerry Baty
|
|
Pitching: RHP Travis Plesz
|
|
|
Pinch Hitting: LHB Andre Gorter
|
0-0: Ball 1-0: Called Strike 1-1: Called Strike 1-2: Foul Ball, location: 2F 1-2: Ball 2-2: Ball 3-2: Strikes out swinging
|
|
Batting: RHB Jimmy Groseclose
|
0-0: Ball 1-0: Foul Ball, location: 2F 1-1: Ball 2-1: SINGLE (Line Drive, 7LS, EV 105.6 MPH)
|
|
Batting: LHB Adam Durgin
|
0-0: 2-RUN HOME RUN (Flyball, 7D, EV 98.8 MPH), Distance : 365 ft
|
|
Batting: RHB Mike Gar
|
0-0: Ball 1-0: Ground out 6-3 (Groundball, 6, EV 89.4 MPH)
|
|
Batting: RHB Steve Barnard
|
0-0: DOUBLE (Line Drive, 89D, EV 113.1 MPH)
|
|
Batting: LHB Jose Bregaro
|
0-0: Intentional Walk
|
|
Batting: RHB Willie Chavez
|
0-0: DOUBLE (Groundball, 5L, EV 101.2 MPH) Steve Barnard scores Jose Bregaro to third Runner from 3rd tries for Home, SAFE, no throw by LF
|
|
Pitching: RHP Gareth Cutts
|
|
|
Batting: SHB Jordan Barragan
|
0-0: Ball 1-0: Ground out 4-3 (Groundball, 4, EV 86.9 MPH)
|
| Top of the 8th over - 4 runs, 4 hits, 0 errors, 1 left on base; Miami 4 - Washington 0 |
| BOTTOM OF THE 8TH |
|
Washington Nationals batting - Pitching for Miami Marlins : RHP Sean Geer
|
|
Now at SS: Roger Salazar
|
|
|
Batting: RHB Kirk Arp
|
0-0: Ball 1-0: Foul Ball, location: 2F 1-1: Foul Ball, location: 2F 1-2: Strikes out swinging
|
|
Batting: LHB Bob Melley
|
0-0: Ball 1-0: Ball 2-0: Ball 3-0: Called Strike 3-1: SINGLE (Groundball, 34D, EV 98.8 MPH)
|
|
Batting: SHB Dylan Novakowski
|
0-0: Ball 1-0: Ball 2-0: Ball 3-0: Called Strike 3-1: Foul Ball, location: 2F 3-2: Strikes out swinging
|
|
Pinch Hitting: LHB Griffin Ferris
|
0-0: Ball 1-0: DOUBLE (Flyball, 78XD, EV 102.5 MPH) Bob Melley to third
|
|
Batting: RHB Tommy Baird
|
0-0: Ball 1-0: Ground out 6-3 (Groundball, 6D, EV 101.2 MPH)
|
| Bottom of the 8th over - 0 runs, 2 hits, 0 errors, 2 left on base; Miami 4 - Washington 0 |
| TOP OF THE 9TH |
|
Miami Marlins batting - Pitching for Washington Nationals : RHP Gareth Cutts
|
|
Now at 2B: Darren McCarty Jr.
|
|
|
Batting: RHB Matt Thompson
|
0-0: Ball 1-0: Called Strike 1-1: Foul Ball, location: 2F 1-2: Strikes out looking
|
|
Batting: RHB Roger Salazar
|
0-0: Called Strike 0-1: Ball 1-1: Foul Ball, location: 2F 1-2: Ball 2-2: Fly out, F8 (Flyball, 89S, EV 77.5 MPH)
|
|
Batting: RHB Jimmy Groseclose
|
0-0: Called Strike 0-1: Foul Ball, location: 2F 0-2: Ball 1-2: Ball 2-2: Foul Ball, location: 2F 2-2: Strikes out swinging
|
| Top of the 9th over - 0 runs, 0 hits, 0 errors, 0 left on base; Miami 4 - Washington 0 |
| BOTTOM OF THE 9TH |
|
Washington Nationals batting - Pitching for Miami Marlins : RHP Sean Geer
|
|
Pitching: RHP Oscar Banda
|
|
|
Batting: RHB Dave Vargas
|
0-0: Called Strike 0-1: Ball 1-1: Fly out, F2 (Popup, 2LF, EV 96.2 MPH)
|
|
Batting: LHB Seth Cook
|
0-0: Called Strike 0-1: Called Strike 0-2: Strikes out looking
|
|
Batting: LHB Kyung-jin Cho
|
0-0: Ball 1-0: Called Strike 1-1: Swinging Strike 1-2: Strikes out swinging
|
| Bottom of the 9th over - 0 runs, 0 hits, 0 errors, 0 left on base; Miami 4 - Washington 0 |
|